 Dungeon Crawl Stone Soup version 0.29-a0-416-g83a48905f1 (webtiles) character file.

Game seed: 843244870806082801

1290 siradein the Thaumaturge (level 8, -6/41 HPs)
             Began as a Deep Elf Air Elementalist on May 17, 2022.
             Mangled by a mummy (12 damage)
             ... in an ossuary.
             The game lasted 00:14:37 (5732 turns).

siradein the Thaumaturge (DEAE)                     Turns: 5732, Time: 00:14:37

Health: -6/41      AC: 10    Str:  5    XL:     8   Next: 30%
Magic:  4/27       EV: 12    Int: 23    God:
Gold:   217        SH:  0    Dex: 15    Spells: 20/33 levels left

rFire   + . .      SeeInvis +   f - +0 dagger (venom)
rCold   . . .      Faith    .   (no shield)
rNeg    . . .      Spirit   .   s - +2 robe {rF+}
rPois   .          Reflect  .   j - +1 helmet
rElec   .          Harm     .   F - scarf {repulsion}
rCorr   .          Rampage  .   (no gloves)
Will    .....                   (no boots)
Stlth   ++........              (no amulet)
HPRegen 0.13/turn               o - +4 ring of protection
MPRegen 0.20/turn               D - ring of see invisible

@: repel missiles
A: no striking features
a: no special abilities


You were in an ossuary.
You visited 1 branch of the dungeon, and saw 6 of its levels.
You also visited: Ossuary.

You collected 217 gold pieces.

Inventory:

Hand Weapons
 f - a +0 dagger of venom (weapon)
Armour
 j - a +1 helmet (worn)
 s - a +2 robe of fire resistance (worn)
 F - a scarf of repulsion (worn)
Jewellery
 i - a ring of willpower
 o - a +4 ring of protection (left hand)
 C - a ring of protection from fire
 D - a ring of see invisible (right hand)
 E - a +4 ring of evasion
Wands
 q - a wand of polymorph (3)
 t - a wand of charming (7)
Scrolls
 c - a scroll of magic mapping {unknown}
 d - 3 scrolls of identify {unknown}
 e - a scroll of brand weapon {unknown}
 k - a scroll of summoning {unknown}
 l - a scroll of fear
 m - a scroll of poison {unknown}
 p - a scroll of enchant weapon {unknown}
 u - a scroll of fog {unknown}
 v - a scroll of enchant armour {unknown}
 x - a scroll of teleportation {unknown}
 y - a scroll of noise {unknown}
 B - 2 scrolls of blinking {unknown}
Potions
 a - 2 potions of heal wounds {unknown}
 b - 3 potions of magic
 g - a potion of brilliance {unknown}
 h - a potion of curing
 n - 2 potions of cancellation {unknown}
 r - a potion of mutation {unknown}
 w - a potion of haste
 z - a potion of flight {unknown}
 A - a potion of might {unknown}


   Skills:
 - Level 2.4 Dodging
 - Level 2.4 Stealth
 + Level 13.2 Spellcasting
 - Level 1.3 Conjurations
 - Level 3.1 Air Magic


You had 20 spell levels left.
You knew the following spells:

 Your Spells              Type           Power      Damage    Failure   Level
a - Shock                 Conj/Air       100%       1d9       1%          1
b - Static Discharge      Conj/Air       25%        N/A       2%          2
c - Swiftness             Air            29%        N/A       3%          3
d - Mephitic Cloud        Conj/Pois/Air  22%        N/A       7%          3
e - Airstrike             Air            14%        N/A       12%         4

Your spell library contained the following spells:

 Spells                   Type           Power      Damage    Failure   Level
 Magic Dart               Conj           84%        1d7       2%          1
 Apportation              Tloc           30%        N/A       4%          1
 Call Imp                 Summ           15%        N/A       6%          2
 Ensorcelled Hibernation  Hex/Ice        30%        N/A       6%          2
 Passwall                 Tmut/Erth      12%        N/A       6%          2
 Inner Flame              Hex/Fire       15%        N/A       12%         3
 Cause Fear               Hex            7%         N/A       38%         4
 Alistair's Intoxication  Tmut/Pois      10%        N/A       75%         5
 Discord                  Hex            7%         N/A       100%        8


Dungeon Overview and Level Annotations

Branches:
Dungeon (6/15)            Ossuary (1/1)
 Temple: D:4-7

Altars:

Annotations:
D:4 1 runed translucent door, Crazy Yiuf
D:6 Pikel


Message History

Casting: Static Discharge (safe; 2% risk of failure)
Confirm with . or Enter, or press ? or * to list all spells.
The killer bee zombie is struck by an arc of lightning!
The killer bee zombie is severely damaged.
You are struck by an arc of lightning.
* * * LOW HITPOINT WARNING * * *
The lightning grounds out.
The killer bee zombie barely misses you.
The killer bee zombie hits you but does no damage.
Unknown command.
Unknown command.
Casting: Static Discharge (safe; 2% risk of failure)
Confirm with . or Enter, or press ? or * to list all spells.
The killer bee zombie is struck by an arc of lightning.
The killer bee zombie is almost destroyed.
The lightning grounds out.
The killer bee zombie hits you but does no damage. x2
Unknown command.
Unknown command.
Unknown command.
Casting: Static Discharge (safe; 2% risk of failure)
Confirm with . or Enter, or press ? or * to list all spells.
The killer bee zombie is struck by an arc of lightning.
You destroy the killer bee zombie!
You are struck by an arc of lightning.
* * * LOW HITPOINT WARNING * * *
The lightning grounds out.
Unknown command.
Unknown command.
It was a potion of curing.
You feel better.
Casting: Static Discharge (safe; 2% risk of failure)
Confirm with . or Enter, or press ? or * to list all spells.
The mummy is struck by an arc of lightning.
The mummy is moderately damaged.
You are struck by an arc of lightning.
* * * LOW HITPOINT WARNING * * *
The mummy is struck by an arc of lightning.
The mummy is heavily damaged.
The lightning grounds out.
The mummy hits you!
You die...

## # .# #
###'#+#'#'#'#'
#.'.....Z..MZ.
###.##M##'##'#
#..@# #.∩.#
#..∩# #####


You could see a mummy.

Vanquished Creatures
  Sigmund (D:3)
  An ice beast (D:5)
  A sky beast (D:6)
  A centaur (D:3)
  A lemure (D:6)
  A wyvern zombie (Ossuary)
  3 scorpions (D:5)
  An orc priest (D:6)
  4 hounds
  2 jellies
  Jessica (D:3)
  Ijyb (D:3)
  A gnoll shaman (D:4)
  2 iguanas
  2 orc wizards
  A killer bee zombie (Ossuary)
  2 howler monkey zombies (Ossuary)
  Robin (D:2)
  4 gnolls (D:4)
  3 adders
  2 white imps
  3 dart slugs
  7 orcs
  6 ball pythons
  6 endoplasms
  3 giant cockroaches
  6 hobgoblins
  10 kobolds
  5 quokkas
  7 bats
  A frilled lizard (D:1)
  16 goblins
  6 rats
112 creatures vanquished.

Vanquished Creatures (others)
  4 fungi (D:4)
4 creatures vanquished.

Grand Total: 116 creatures vanquished

Notes
Turn   | Place    | Note
-------+----------+-------------------------------------------
     0 | D:1      | siradein the Deep Elf Air Elementalist began the quest for
                  | the Orb.
     0 | D:1      | Reached XP level 1. HP: 10/10 MP: 6/6
   203 | D:1      | Reached XP level 2. HP: 12/15 MP: 0/8
   402 | D:1      | Found a faded altar of an unknown god.
   430 | D:1      | Reached skill level 4 in Spellcasting
   807 | D:1      | Learned a level 2 spell: Static Discharge
   814 | D:1      | Reached XP level 3. HP: 19/19 MP: 8/11
  1129 | D:2      | Reached skill level 5 in Spellcasting
  1306 | D:2      | Noticed Robin
  1318 | D:2      | Killed Robin
  1515 | D:2      | Reached XP level 4. HP: 20/24 MP: 9/13
  1825 | D:2      | Reached skill level 6 in Spellcasting
  2049 | D:3      | Noticed Sigmund
  2084 | D:2      | Learned a level 3 spell: Swiftness
  2088 | D:2      | Learned a level 3 spell: Mephitic Cloud
  2093 | D:2      | Learned a level 4 spell: Airstrike
  2157 | D:3      | Killed Sigmund
  2158 | D:3      | Reached skill level 8 in Spellcasting
  2158 | D:3      | Reached XP level 5. HP: 28/28 MP: 10/17
  2341 | D:3      | Noticed a centaur
  2349 | D:3      | Killed a centaur
  2350 | D:3      | Reached XP level 6. HP: 29/32 MP: 11/19
  2495 | D:3      | Noticed Ijyb
  2508 | D:3      | Killed Ijyb
  2509 | D:3      | Reached skill level 9 in Spellcasting
  2914 | D:3      | Noticed Jessica
  2920 | D:3      | Killed Jessica
  3847 | D:4      | Reached skill level 10 in Spellcasting
  3850 | D:4      | Reached XP level 7. HP: 7/36 MP: 5/22
  4397 | D:4      | Found a runed translucent door.
  4398 | D:4      | Noticed Crazy Yiuf
  4416 | D:5      | Entered Level 5 of the Dungeon
  4907 | D:5      | Reached skill level 11 in Spellcasting
  5219 | D:5      | Reached skill level 12 in Spellcasting
  5408 | D:6      | Reached XP level 8. HP: 40/41 MP: 5/26
  5495 | D:6      | Noticed Pikel
  5637 | D:6      | Found a sand-covered staircase.
  5645 | Ossuary  | Entered an ossuary
  5721 | Ossuary  | Reached skill level 13 in Spellcasting
  5730 | Ossuary  | HP: 2/41 [/static electricity (1)]
  5732 | Ossuary  | Mangled by a mummy

Illustrated notes

Levels and vault maps discovered:
D:1:      dpeg_arrival_radiant, layout_rooms,
          shapermc_ecumenical_altar_starsandcircs
D:2:      layout_basic, uniq_robin
D:3:      layout_basic, kennysheep_jessica_study, uniq_ijyb, uniq_sigmund
D:4:      layout_basic, hangedman_decor_slide_cut,
          chequers_serial_rivers_room_b, glass_columns_a, minmay_between,
          uniq_crazy_yiuf_cottage
D:5:      layout_rooms
D:6:      layout_basic, minmay_temple_entry_glass, nicolae_ossuary_entry_ruins,
          uniq_pikel
Ossuary:  ossuary_zaba_flooded

Skill      XL: |  1  2  3  4  5  6  7  8 |
---------------+-------------------------+-----
Spellcasting   | 4 5 8 10 12 13 | 13.2
Dodging        | |  2.4
Stealth        | |  2.4
Conjurations   | |  1.3
Air Magic      | |  3.1

Action                   |  1- 3 |  4- 6 |  7- 9 || total
-------------------------+-------+-------+-------++-------
Melee: Dagger            |       |       |     4 ||     4
 Cast: Shock             |    88 |   115 |    75 ||   278
       Static Discharge  |       |     3 |    17 ||    20
       Airstrike         |       |       |     3 ||     3
       Swiftness         |       |       |     1 ||     1
  Use: Scroll            |       |     1 |       ||     1
       Potion            |       |       |     1 ||     1
Armor: Leather armour    |     1 |       |       ||     1
       Robe              |       |    13 |    15 ||    28
Dodge: Dodged            |     7 |    31 |    20 ||    58

Table legend: (Time is in decaauts)
 A = Elapsed time spent in this place.
 B = Non-inter-level travel time spent in this place.
 C = Inter-level travel time spent in this place.
 D = Time resting spent in this place.
 E = Time spent auto-exploring this place.
 F = Levels seen in this place.
 G = Mean time per level.
                   A        B        C        D        E       F      G
               +--------+--------+--------+--------+--------+-----+--------+
         Total |   5730 |   5594 |    136 |     42 |   4608 |   7 |  818.6 |
       Dungeon |   5643 |   5507 |    136 |     40 |   4545 |   6 |  940.5 |
       Ossuary |     86 |     86 |      0 |      2 |     63 |   1 |   86.0 |
               +--------+--------+--------+--------+--------+-----+--------+

Top non-repeatable levels by time:
     D:4: 1402 daAuts
     D:2: 1121 daAuts
     D:1: 998 daAuts
     D:5: 919 daAuts
     D:3: 893 daAuts
     D:6: 308 daAuts
 Ossuary: 86 daAuts
